 Dungeon Crawl Stone Soup version 0.28.0-49-g6dfe1f597d (webtiles) character file.

Game seed: 17852801321252749686

9 Cral the Grave Robber (level 2, 0/15 HPs)
             Began as a Deep Elf Necromancer on May 18, 2022.
             Slain by a quokka (1 damage)
             ... on level 1 of the Dungeon.
             The game lasted 00:01:22 (228 turns).

Cral the Grave Robber (Deep Elf Necromancer)         Turns: 228, Time: 00:01:22

Health: 0/15       AC:  2    Str:  5    XL:     2   Next: 6%
Magic:  1/8        EV: 12    Int: 19    God:
Gold:   0          SH:  0    Dex: 15    Spells: 5/7 levels left

rFire   . . .      SeeInvis .   (no weapon)
rCold   . . .      Faith    .   (no shield)
rNeg    . . .      Spirit   .   a - +0 robe
rPois   .          Reflect  .   (no helmet)
rElec   .          Harm     .   (no cloak)
rCorr   .          Rampage  .   (no gloves)
Will    .....                   (no boots)
Stlth   ++........              (no amulet)
HPRegen 0.05/turn               (no ring)
MPRegen 0.11/turn               (no ring)

@: no status effects
A: no striking features
a: no special abilities


You were on level 1 of the Dungeon.
You visited 1 branch of the dungeon, and saw 1 of its levels.

Inventory:

Armour
 a - a +0 robe (worn)


   Skills:
 - Level 2.4 Dodging
 - Level 2.4 Stealth
 - Level 3.0 Spellcasting
 + Level 5.4 Necromancy


You had 5 spell levels left.
You knew the following spells:

 Your Spells              Type           Power      Damage    Failure   Level
a - Pain                  Necr           92%        1d8       1%          1
b - Animate Skeleton      Necr           46%        N/A       1%          1

Your spell library contained the following spells:

 Spells                   Type           Power      Damage    Failure   Level
 Vampiric Draining        Necr           23%        2d7       4%          3
 Animate Dead             Necr           11%        N/A       16%         4
 Agony                    Necr           23%        N/A       41%         5


Dungeon Overview and Level Annotations

Branches:
Dungeon (1/15)

Altars:


Message History

You kill the kobold!
You have reached level 2!
Unknown command.
Casting: Pain (safe; 1% risk of failure)
Confirm with . or Enter, or press ? or * to list all spells.
Aiming: Pain (safe; 1% risk of failure)
Press: ? - help, Shift-Dir - straight line, f - goblin
Aim: a goblin, wielding a +0 club (chance to affect: 91%)
The goblin writhes in agony!
You kill the goblin!
Unknown command.
Casting: Pain (safe; 1% risk of failure)
Confirm with . or Enter, or press ? or * to list all spells.
Aiming: Pain (safe; 1% risk of failure)
Press: ? - help, Shift-Dir - straight line, f - quokka
Aim: a quokka (chance to affect: 91%)
The quokka writhes in agony.
The quokka misses you. The quokka closely misses you.
Unknown command.
Casting: Pain (safe; 1% risk of failure)
Confirm with . or Enter, or press ? or * to list all spells.
You don't have enough magic to cast this spell.
Casting: Pain (safe; 1% risk of failure)
Confirm with . or Enter, or press ? or * to list all spells.
You don't have enough magic to cast this spell.
Unknown command.
Casting: Pain (safe; 1% risk of failure)
Confirm with . or Enter, or press ? or * to list all spells.
You don't have enough magic to cast this spell.
You closely miss the quokka. The quokka closely misses you.
A hobgoblin comes into view.
You barely miss the quokka. The quokka bites you.
* * * LOW HITPOINT WARNING * * *
The quokka barely misses you.
The quokka bites you but does no damage.
You hit the quokka but do no damage. The quokka bites you.
* * * LOW HITPOINT WARNING * * *
You closely miss the quokka. The quokka closely misses you.
You hit the quokka but do no damage. The quokka bites you.
You die...

.#.# .# #### . #.#.#
.# .... .# #.#.#
.##..# ..#. #.#.#
#....##....
#.#.#.......... #.#.#
.)...# #...###....#[..
#...@r..)......
#...######.#... #...#
##### ##.### #####...#
#.#.## #..##...##
#)...## #..##....##
#.....### .##..##...#
##.....>#
.##..###.#.####..###.#


You could see a quokka.

Vanquished Creatures
  A ball python (D:1)
  4 goblins (D:1)
  A hobgoblin (D:1)
  A kobold (D:1)
  A bat (D:1)
8 creatures vanquished.

Notes
Turn   | Place    | Note
-------+----------+-------------------------------------------
     0 | D:1      | Cral the Deep Elf Necromancer began the quest for the Orb.
     0 | D:1      | Reached XP level 1. HP: 10/10 MP: 6/6
     2 | D:1      | Learned a level 1 spell: Animate Skeleton
   109 | D:1      | Reached skill level 5 in Necromancy
   219 | D:1      | Reached XP level 2. HP: 9/15 MP: 2/8
   228 | D:1      | Slain by a quokka

Illustrated notes

Levels and vault maps discovered:
D:1:      lightli_iron_boxes, layout_loops_cross, kennysheep_decorative_pillar,
          minivault_23

Skill      XL: |  1 |
---------------+----+-----
Necromancy     | 5 |  5.4
Dodging        | |  2.4
Stealth        | |  2.4
Spellcasting   | |  3.0

Action                   || total
-------------------------++-------
Melee: Unarmed           ||     5
 Cast: Pain              ||    10
Armor: Robe              ||     1
Dodge: Dodged            ||     5
